 Dungeon Crawl Stone Soup version 0.20-a0-556-g892c87b (webtiles) character file.

1955 HEYYEYAAE the Basher (level 8, -3/111 HPs)
             Began as a Troll Berserker on Feb 4, 2017.
             Was a High Priest of Trog.
             Slain by a hippogriff (7 damage)
             ... on level 8 of the Dungeon.
             The game lasted 00:09:16 (5591 turns).

HEYYEYAAE the Basher (Troll Berserker)              Turns: 5591, Time: 00:09:17

Health: -3/111     AC:  6    Str: 33    XL:     8   Next: 99%
Magic:  7/7        EV: 10    Int:  3    God:    Trog [*****.]
Gold:   299        SH:  0    Dex:  9    Spells: 7/7 levels left

rFire    . . .     SeeInvis .   y - +3 quarterstaff (chaos)
rCold    . . .     Gourm    +   b - +0 animal skin
rNeg     . . .     Faith    .   (shield currently unavailable)
rPois    .         Spirit   .   (helmet restricted)
rElec    .         Reflect  .   z - +0 cloak
rCorr    .         Harm     .   (gloves unavailable)
MR       .....                  (boots unavailable)
Stlth    ..........             (no amulet)
Regen    0.7/turn               (no ring)
                                (no ring)

@: berserking, very quick
A: unfitting armour, claws 3, fast metabolism 3, gourmand, regeneration 1,
shaggy fur 1, tough skin 2
a: Berserk, Trog's Hand, Brothers in Arms, Burn Spellbooks, Renounce Religion


You were on level 8 of the Dungeon.
You worshipped Trog.
Trog was extremely pleased with you.
You were near starving.

You visited 1 branch of the dungeon, and saw 7 of its levels.
You also visited: Sewer and Ossuary.

You collected 299 gold pieces.

Inventory:

Hand Weapons
 a - a +0 mace
 y - a +3 quarterstaff of chaos (weapon)
 I - a +0 giant club
Missiles
 j - 4 steel javelins (quivered)
Armour
 b - a +0 animal skin (worn)
 z - a +0 cloak (worn)
Jewellery
 g - an uncursed ring of protection from fire {unknown}
 r - an uncursed ring of poison resistance {unknown}
 D - a +2 ring of evasion {unknown}
Scrolls
 f - 8 scrolls of teleportation
 h - 3 scrolls of remove curse {unknown}
 l - 4 scrolls of identify {unknown}
 n - a scroll of enchant weapon {unknown}
 o - 2 scrolls of amnesia {unknown}
 p - 2 scrolls of magic mapping {unknown}
 A - 2 scrolls of enchant armour {unknown}
 B - 2 scrolls of fog {unknown}
 E - 3 scrolls of fear {unknown}
 H - 6 scrolls of recharging {unknown}
 L - a scroll of vulnerability {unknown}
Potions
 e - 2 potions of cure mutation {unknown}
 i - 2 potions of berserk rage
 k - 2 potions of curing {unknown}
 q - a potion of ambrosia {unknown}
 s - 2 potions of invisibility {unknown}
 t - 2 potions of beneficial mutation {unknown}
 v - 2 potions of heal wounds {unknown}
 w - a potion of mutation {unknown}
 x - a potion of resistance {unknown}
 C - 2 potions of degeneration {unknown}
 F - 4 potions of flight {unknown}
 G - 6 potions of agility {unknown}
 J - 2 potions of haste {unknown}
 K - a potion of lignification {unknown}
Comestibles
 c - 6 bread rations
 d - 2 royal jellies
 m - 5 meat rations
 u - 2 fruits


   Skills:
 - Level 2.4 Fighting
 + Level 11.0 Maces & Flails
 - Level 2.4 Dodging


You had 7 spell levels left.
You didn't know any spells.

Dungeon Overview and Level Annotations

Branches:
Dungeon (6/15)
 Temple: D:4-7

Altars:
Ashenzari
Fedhas
Gozag
Kikubaaqudgha
Trog
Xom
Zin
The Shining One


Innate Abilities, Weirdness & Mutations

You are too large for most types of armour.
You have claws for hands.
Your metabolism is lightning-fast.
You like to eat raw meat.
Your natural rate of healing is unusually fast.
You are covered in fur. (AC +1)
You have very tough skin. (AC +2)


Message History

You barely miss the hippogriff.
The hippogriff is heavily wounded.
The hippogriff bites you!
* * * LOW HITPOINT WARNING * * *
The hippogriff pecks you.
* * * LOW HITPOINT WARNING * * *
The hippogriff claws you.
* * * LOW HITPOINT WARNING * * *
You barely miss the hippogriff.
The hippogriff is severely wounded.
The hippogriff bites you.
* * * LOW HITPOINT WARNING * * *
The hippogriff pecks you.
* * * LOW HITPOINT WARNING * * *
The hippogriff barely misses you.
Unknown command.
It was a potion of berserk rage.
A red film seems to cover your vision as you go berserk!
You feel yourself moving faster!
You feel mighty! The hippogriff bites you!
You die...

#._.#. ###.....#
..#
.#.#..##...#####
#..#
..#..##..###
#..##...##..##
...# ##..##
#..###..##
#..#..##
####.###.#.##
......H@...#
#######...##
##..# ####


You could see a hippogriff.

Vanquished Creatures
  Sigmund (D:3)
  Eustachio (D:4)
  An ice beast (D:6)
  2 phantoms
  2 centaurs
  2 ogres (D:5)
  A big kobold (D:8)
  Blork the orc (D:5)
  A bullfrog (D:6)
  An elf skeleton (D:6)
  2 howler monkeys
  A human zombie (D:6)
  A hound (D:5)
  Crazy Yiuf (D:4)
  A bullfrog skeleton (D:6)
  3 worker ants
  9 big kobold zombies (Ossuary)
  A hound skeleton (D:6)
  A mummy (Ossuary)
  11 gnolls
  8 adders
  5 oozes
  An adder zombie (D:8)
  8 worms
  8 leopard geckos
  3 ball pythons
  11 bats
  10 giant cockroaches
  8 goblins
  5 hobgoblins
  4 jackals (Sewer)
  4 kobolds
  4 quokkas
  2 bat simulacra (Ossuary)
  4 frilled lizards
  3 gnoll zombies (Ossuary)
  6 goblin zombies (Ossuary)
  3 hobgoblin zombies (Ossuary)
  A jackal skeleton (D:4)
  3 kobold simulacra (Ossuary)
  5 kobold zombies (Ossuary)
  A leopard gecko skeleton (D:6)
  7 orc zombies
  A quokka zombie (D:5)
  3 rats
  8 rat simulacra (Ossuary)
  A spectral goblin (Ossuary)
  3 spectral kobolds (Ossuary)
  3 spectral rats (Ossuary)
177 creatures vanquished.

Vanquished Creatures (others)
  A wizard (D:6)
  A spectral rat (Ossuary)
2 creatures vanquished.

Grand Total: 179 creatures vanquished

Notes
Turn   | Place    | Note
-------+----------+-------------------------------------------
     0 | D:1      | HEYYEYAAE the Troll Berserker began the quest for the Orb.
     0 | D:1      | Reached XP level 1. HP: 22/22 MP: 0/0
    81 | D:1      | Reached skill level 3 in Maces & Flails
   193 | D:1      | Reached XP level 2. HP: 29/29 MP: 1/1
   659 | D:2      | Reached XP level 3. HP: 36/36 MP: 2/2
   701 | D:2      | Reached skill level 4 in Maces & Flails
   803 | D:2      | Reached ** piety under Trog
  1076 | D:2      | Reached XP level 4. HP: 44/44 MP: 3/3
  1802 | D:3      | Noticed Sigmund
  1814 | D:3      | Killed Sigmund
  1814 | D:3      | Reached skill level 6 in Maces & Flails
  1814 | D:3      | Reached XP level 5. HP: 38/50 MP: 4/4
  1814 | D:3      | Reached XP level 6. HP: 45/59 MP: 5/5
  2336 | D:4      | Noticed Eustachio
  2374 | D:4      | Killed Eustachio
  2374 | D:4      | Reached skill level 7 in Maces & Flails
  2374 | D:4      | Reached XP level 7. HP: 51/66 MP: 6/6
  2543 | D:4      | Found a runed door.
  3049 | D:4      | Noticed Crazy Yiuf
  3054 | D:4      | Killed Crazy Yiuf
  3135 | D:4      | Reached skill level 8 in Maces & Flails
  3184 | D:5      | Entered Level 5 of the Dungeon
  3401 | D:5      | Reached skill level 9 in Maces & Flails
  3401 | D:5      | Reached XP level 8. HP: 20/74 MP: 7/7
  3519 | D:5      | Found a glowing drain.
  3526 | Sewer    | Entered a sewer
  3536 | Sewer    | Reached *** piety under Trog
  4256 | D:5      | Noticed Blork the orc
  4263 | D:5      | Killed Blork the orc
  4280 | D:5      | Found a glowing golden altar of the Shining One.
  4283 | D:5      | Found an ancient bone altar of Kikubaaqudgha.
  4283 | D:5      | Found a shattered altar of Ashenzari.
  4296 | D:5      | Found a shimmering altar of Xom.
  4300 | D:5      | Found a blossoming altar of Fedhas.
  4738 | D:6      | Reached skill level 10 in Maces & Flails
  4741 | D:6      | Found a sand-covered staircase.
  4746 | Ossuary  | Entered an ossuary
  4788 | Ossuary  | Reached **** piety under Trog
  5271 | D:6      | Found a bloodstained altar of Trog.
  5280 | D:6      | Noticed a wizard
  5282 | D:6      | Killed a wizard
  5327 | D:6      | Found an opulent altar of Gozag.
  5327 | D:6      | Found a glowing silver altar of Zin.
  5508 | D:6      | You fall through a shaft for 2 floors!
  5531 | D:8      | Reached skill level 11 in Maces & Flails
  5558 | D:8      | Reached ***** piety under Trog
  5569 | D:8      | Found a glowing golden altar of the Shining One.
  5579 | D:8      | Noticed a hippogriff
  5590 | D:8      | HP: 3/74 [hippogriff (3)]
  5591 | D:8      | Slain by a hippogriff

Vault maps used:
D:1:      dpeg_arrival_boxorama
D:2:      roderic_serpentine_path
D:3:      first_bread, uniq_sigmund
D:4:      serial_forest, infiniplex_forest_pool, infiniplex_forest_straight_4,
          infiniplex_forest_lined_corner, infiniplex_forest_lined_3,
          infiniplex_forest_zigzag_1, infiniplex_forest_clump_large,
          uniq_eustachio, uniq_crazy_yiuf_cottage
D:5:      minmay_overflow_temple_star_hex, lightli_sewer_entry_pipes,
          uniq_blork_the_orc
D:6:      grunt_temple_overflow_gold_and_silver,
          nicolae_ossuary_entry_catacombs, minmay_tree_intersection, trog_wizard
D:8:      the_bakery, tso_metal_star
Sewer:    sewer_fruit_machine
Ossuary:  ossuary_zaba_two_paths

Skill      XL: |  1  2  3  4  5  6  7  8 |
---------------+-------------------------+-----
Maces & Flails | 3 4 6 7 9 11 | 11.0
Fighting       | |  2.4
Dodging        | |  2.4

Action                   |  1- 3 |  4- 6 |  7- 9 || total
-------------------------+-------+-------+-------++-------
Melee: Mace              |   149 |   160 |    37 ||   346
       Quarterstaff      |       |       |   341 ||   341
Invok: Berserk           |       |     4 |     2 ||     6
  Use: Scroll            |       |       |     1 ||     1
       Potion            |       |       |     1 ||     1
 Stab: Sleeping          |     1 |       |     2 ||     3
       Paralysed         |       |       |     3 ||     3
       Petrifying        |       |       |     1 ||     1
       Petrified         |       |       |     1 ||     1
  Eat: Chunk             |    14 |    15 |    23 ||    52
       Fruit             |       |       |     4 ||     4
Armor: Animal skin       |    45 |    52 |   120 ||   217
Dodge: Dodged            |    94 |   102 |   171 ||   367
